 Seeded DCSS version 0.30.1-4-g462c640d31 (webtiles) character file.

Game seed: 5250533582392553559 (custom seed)

52 Psyclone the Stinger (level 3, 18/21 HPs)
             Began as an Octopode Venom Mage on Sept 18, 2023.
             Quit the game on level 1 of the Dungeon.
             The game lasted 00:08:06 (2161 turns).

Psyclone the Stinger (Octopode Venom Mage)          Turns: 2161, Time: 00:08:06

Health: 18/21      AC:  3    Str:  7    XL:     3   Next: 85%
Magic:  6/6        EV: 13    Int: 19    God:
Gold:   29         SH:  0    Dex: 12    Spells: 3/6 levels left

rFire   . . .        f - staff of poison
rCold   . . .        (no shield)
rNeg    + . .        (helmet restricted)
rPois   +            (no amulet)
rElec   .            m - ring of positive energy
rCorr   .            (no ring)
SInv    .            (no ring)
Will    .....        (no ring)
Stlth   +++          (no ring)
HPRegen 1.03/turn    (no ring)
MPRegen 0.10/turn    (no ring)
                     (no ring)

%: no passive effects
@: no status effects
A: almost no armour, amphibious, 8 rings, camouflage 1, gelatinous body 1,
(nimble swimmer 1), tentacles, antennae 1, iridescent scales 1, regeneration 1
a: no special abilities


You were on level 1 of the Dungeon.
You visited 1 branch of the dungeon, and saw 2 of its levels.

You collected 84 gold pieces.
You spent 55 gold pieces at shops.

Inventory:

Magical Staves
 f - a staff of poison (weapon)
Jewellery
 m - a ring of positive energy (left tentacle)
Scrolls
 e - 2 scrolls of enchant armour
 i - a scroll of enchant weapon
 n - a scroll of vulnerability
 o - a scroll of teleportation
Potions
 a - 2 potions of magic


   Skills:
 - Level 2.0 Dodging
 - Level 2.6 Stealth
 - Level 2.0 Spellcasting
 - Level 1.0 Transmutations
 + Level 5.6 Poison Magic


You had 3 spell levels left.
You knew the following spells:

 Your Spells              Type           Power      Damage    Failure   Level
a - Poisonous Vapours     Pois/Air       36%        N/A       9%          2
b - Sting                 Tmut/Pois      84%        1d7       4%          1

Your spell library contained the following spells:

 Spells                   Type           Power      Damage    Failure   Level
 Mephitic Cloud           Conj/Pois/Air  13%        N/A       24%         3
 Lesser Beckoning         Tloc           2%         N/A       26%         2
 Gell's Gravitas          Tloc           1%         N/A       45%         3
 Teleport Other           Tloc           1%         N/A       45%         3
 Olgreb's Toxic Radiance  Pois           35%        N/A       17%         4


Dungeon Overview and Level Annotations

Branches:
Dungeon (2/15) Zot: 9837

Altars:

Shops:
D:1 :*


Innate Abilities, Weirdness & Mutations

You cannot wear most types of armour.
You are amphibious.
You can wear up to eight rings at the same time.
Your skin changes colour to match your surroundings (Stealth+).
Your rubbery body absorbs attacks. (AC +1, EV +1)
((You are camouflaged when in or above water. (Stealth+)))
You have tentacles for arms and can constrict up to eight enemies at once.
You have a pair of small antennae on your head.
You are partially covered in iridescent scales. (AC +2)
Your natural rate of healing is unusually fast.


Message History

b - a fuming dark potion Thank you for shopping at Sugreud's Assorted Antiques!
You can access your shopping list by pressing '$'.
It was a potion of heal wounds.
You feel much better.
It was a potion of mutation.
You feel extremely strange. A pair of antennae grows on your head!
Iridescent scales grow over part of your body.
You begin to heal more quickly.
It was a potion of ambrosia.
You are confused.
You feel invigorated.
It was a potion of invisibility.
You fade into invisibility!
You are too confused!
You start waiting.
You feel less invigorated.
You feel less confused.
You start waiting.
You flicker for a moment.
As you read the scroll labelled ACO IWNEBB, it crumbles to dust.
You assume a fearsome visage.
Nothing appears to happen.
It was a scroll of fear.
As you read the scroll labelled PUMNAQ ULLY, it crumbles to dust.
Your body is wracked with pain!
It was a scroll of torment.
You take 7 damage, and have 14/21 hp.
MASSIVE DAMAGE!!
As you read the scroll labelled IREEMA XEONK, it crumbles to dust.
It is a scroll of enchant armour.
You aren't carrying any armour which can be enchanted further.
As you read the scroll labelled POIJIUT ZUTUX, it crumbles to dust.
It is a scroll of enchant weapon.
You aren't carrying any weapons that can be enchanted.
As you read the scroll labelled TIRUBI VYMIMIFF, it crumbles to dust.
The scroll dissolves into smoke.
It was a scroll of fog.
You flicker back into view.
As you read the scroll labelled WEIFIATHEA, it crumbles to dust.
You feel momentarily disoriented.
It was a scroll of magic mapping.
Are you sure you want to abandon this character and quit the game? (Confirm with "yes".)
Okay, then.
Okay, then.
Are you sure you want to abandon this character and quit the game? (Confirm with "yes".)

######...####.........####....#
............'.........'....[..#
######...####.........####....#
##.## ##.......## ##.#.# #.###
##.....## ###.# ##...##
###...## #.# ##.....###...§§#
#.# ##.......#..§PP§# #.#
#...........P@P§# #.#
#.........#.P§P§# #.#
##...........§§§§###### #.#
#..........##...§.....# #.#
##.##.....#.###...####.# #.#
##..###...##.###.....##.#####.#
#..## ##...........#..........#
..## #####.####..####.#######
.## #............#


There were no monsters in sight!

Vanquished Creatures
  2 adders (D:2)
  A ball python (D:1)
  6 endoplasms
  3 giant cockroaches (D:1)
  A hobgoblin (D:2)
  4 jackals (D:1)
  A quokka (D:2)
  7 bats (D:2)
  A frilled lizard (D:1)
  A kobold (D:1)
  4 rats
31 creatures vanquished.

Notes
Turn   | Place    | Note
-------+----------+-------------------------------------------
     0 | D:1      | Psyclone the Octopode Venom Mage began the quest for the
                  | Orb.
     0 | D:1      | Reached XP level 1. HP: 11/11 MP: 3/3
   213 | D:1      | Reached skill level 4 in Poison Magic
   270 | D:1      | Found Syurgheu's Book Shoppe.
   373 | D:1      | Reached XP level 2. HP: 17/17 MP: 3/5
   462 | D:1      | Found Sugreud's Assorted Antiques.
   719 | D:1      | You fall into a shaft and drop 1 floor!
   842 | D:2      | Learned a level 2 spell: Poisonous Vapours
  1047 | D:2      | Reached skill level 5 in Poison Magic
  1047 | D:2      | Reached XP level 3. HP: 21/21 MP: 1/6
  2123 | D:1      | Bought a scroll labelled PAULLO EMIORR for 29 gold pieces
  2124 | D:1      | Bought a fuming dark potion for 26 gold pieces
  2125 | D:1      | Gained mutation: You have a pair of small antennae on your
                  | head. [potion of mutation]
  2125 | D:1      | Gained mutation: You are partially covered in iridescent
                  | scales. (AC +2) [potion of mutation]
  2125 | D:1      | Gained mutation: Your natural rate of healing is unusually
                  | fast. [potion of mutation]
  2161 | D:1      | Quit the game

Illustrated notes

Levels and vault maps discovered:
D:1:      minmay_arrival_split_and_join, layout_loops_corners, serial_shops,
          nicolae_shop_overgrown_old_shop, shop, roderic_roman_lattice
D:2:      layout_basic, roderic_serpentine_path, kennysheep_generic_room_16,
          uniq_crazy_yiuf_cottage

Skill      XL: |  1  2 |
---------------+-------+-----
Poison Magic   | 4 5 |  5.6
Dodging        | |  2.0
Stealth        | |  2.6
Spellcasting   | |  2.0
Transmutations | |  1.0

Action                     || total
---------------------------++-------
  Melee: Unarmed           ||    24
         Constrict         ||     5
         Tentacles         ||     5
         Punch             ||     2
         Staff             ||    11
   Cast: Sting             ||    24
         Poisonous Vapours ||    22
    Use: Scroll            ||     8
         Potion            ||     4
 Armour: Skin              ||     6
  Dodge: Dodged            ||    32
